 Dungeon Crawl Stone Soup version 0.26-a0-784-g51bffae0b1 (webtiles) character file.

Game seed: 7288063495609399827

296446 Peloso the Hoplite (level 20, -4/189 HPs)
             Began as a Minotaur Fighter on Nov 9, 2020.
             Was the Champion of Okawaru.
             Slain by the 27-headed Lernaean hydra (10 damage)
             ... on level 4 of the Swamp on Nov 10, 2020.
             The game lasted 02:31:36 (50244 turns).

Peloso the Hoplite (Minotaur Fighter)              Turns: 50244, Time: 02:31:36

Health: -4/189     AC: 17    Str: 34    XL:     20   Next: 42%
Magic:  22/22      EV: 17    Int:  8    God:    Okawaru [******]
Gold:   3228       SH: 19    Dex: 15    Spells: 20/20 levels left

rFire    + . .     SeeInvis .   a - +4 demon blade (elec)
rCold    + + .     Faith    +   c - +0 kite shield {rC+}
rNeg     . . .     Spirit   .   E - +0 swamp dragon scales
rPois    +         Reflect  .   v - +0 hat {Int+3}
rElec    .         Harm     .   p - scarf {rC+ rF+}
rCorr    .         Rampage  .   K - +1 pair of gloves of the Invisible Tusks {Stlth+}
MR       ++...                  u - +1 pair of boots {run}
Stlth    +++.......             X - amulet of Caepoaha {Faith Str+9}
HPRegen  0.41/turn              h - ring of protection from magic
MPRegen  0.18/turn              l - +4 ring of slaying

@: about to teleport, marked, quick
A: retaliatory headbutt, horns 2
}: 1/15 runes: serpentine
a: Heroism, Finesse, Renounce Religion


You were on level 4 of the Swamp.
You worshipped Okawaru.
Okawaru was exalted by your worship.
You visited 7 branches of the dungeon, and saw 35 of its levels.
You also visited: Bailey, Ice Cave and Volcano.

You collected 4147 gold pieces.
You spent 919 gold pieces at shops.

Inventory:

Hand Weapons
 a - a +4 demon blade of electrocution (weapon)
 b - a +0 double sword
 Q - the +6 hand crossbow "Conservator" {freeze, Dex+2}
   (Okawaru gifted it to you on level 1 of the Orcish Mines)

   It causes projectiles fired from it to freeze those they strike, causing
   extra injury to most foes and up to half again as much damage against
   particularly susceptible opponents.
   They can also slow down cold-blooded creatures.
   It affects your dexterity (+2).
Missiles
 q - 497 bolts (quivered)
Armour
 c - a +0 kite shield of cold resistance (worn)
 d - a +1 crystal plate armour
 p - a scarf of resistance (worn)
 u - a +1 pair of boots of running (worn)
 v - a +0 hat of intelligence (worn)
 E - +0 swamp dragon scales (worn)
 K - the +1 pair of gloves of the Invisible Tusks (worn) {Stlth+}
   (Okawaru gifted it to you on level 1 of the Snake Pit)

   It makes you more stealthy.
Jewellery
 g - an uncursed ring of poison resistance
 h - a ring of protection from magic (left hand)
 l - a +4 ring of slaying (right hand)
 x - an uncursed ring of resist corrosion
 X - the amulet of Caepoaha (around neck) {Faith Str+9}
   (You found it on level 13 of the Dungeon)

   [amulet of faith]

   It allows you to gain divine favour quickly.
   It affects your strength (+9).
Wands
 e - a wand of random effects (27)
 y - a wand of digging (12)
Scrolls
 f - 5 scrolls of fear
 j - 3 scrolls of teleportation
 k - a scroll of enchant weapon
 m - 11 scrolls of remove curse
 n - 10 scrolls of identify
 o - 4 scrolls of magic mapping
 B - a scroll of acquirement
 C - a scroll of enchant armour
 N - 2 scrolls of immolation
Potions
 s - a potion of magic
 z - 3 potions of flight
 A - 3 potions of might
 D - 3 potions of resistance
 H - 3 potions of berserk rage
 J - 7 potions of haste
 M - a potion of mutation
 Y - 6 potions of curing


   Skills:
 + Level 18.5 Fighting
 + Level 20.0 Long Blades
 + Level 1.2 Crossbows
 + Level 1.0 Throwing
 + Level 16.4 Armour
 + Level 8.5 Dodging
 + Level 5.1 Stealth
 + Level 23.4 Shields
 + Level 1.2 Unarmed Combat
 + Level 0.5 Spellcasting
 + Level 4.0 Invocations
 + Level 3.5 Evocations


You had 20 spell levels left.
You didn't know any spells.
Your spell library contained the following spells:

 Spells                   Type           Power        Failure   Level
 Animate Skeleton         Necr           #.....       45%         1
 Apportation              Tloc           #.....       45%         1
 Beastly Appendage        Tmut           #.....       45%         1
 Corona                   Hex            #......      45%         1
 Pain                     Necr           #...         45%         1
 Shock                    Conj/Air       #...         45%         1
 Sting                    Tmut/Pois      #...         45%         1
 Ensorcelled Hibernation  Hex/Ice        #.....       61%         2
 Poisonous Vapours        Pois/Air       #.....       61%         2
 Swiftness                Air            #.......     61%         2
 Wereblood                Tmut           #.......     61%         2
 Confusing Touch          Hex            #.......     83%         3
 Conjure Flame            Conj/Fire      #.......     83%         3
 Dazzling Flash           Conj/Hex       #.....       83%         3
 Ignite Poison            Fire/Tmut/Pois #.......     83%         3
 Lesser Beckoning         Tloc           #.........   83%         3
 Mephitic Cloud           Conj/Pois/Air  #.......     83%         3
 Spider Form              Tmut/Pois      #.........   83%         3
 Static Discharge         Conj/Air       #.......     83%         3
 Tukima's Dance           Hex            #.......     83%         3
 Vampiric Draining        Necr           #.........   83%         3
 Airstrike                Air            #.........   99%         4
 Animate Dead             Necr           #.........   99%         4
 Ice Form                 Ice/Tmut       #.......     99%         4
 Olgreb's Toxic Radiance  Pois           #.......     99%         4
 Agony                    Necr           #.......     100%        5
 Alistair's Intoxication  Tmut/Pois      #........    100%        5
 Blade Hands              Tmut           #.........   100%        5
 Borgnjor's Vile Clutch   Necr/Erth      #.........   100%        5
 Lightning Bolt           Conj/Air       #.........   100%        5
 Conjure Ball Lightning   Conj/Air       #.........   100%        6
 Freezing Cloud           Conj/Ice/Air   #.........   100%        6
 Invisibility             Hex            #.......     100%        6
 Simulacrum               Ice/Necr       #.........   100%        6
 Tornado                  Air            #.........   100%        9


Dungeon Overview and Level Annotations

Branches:
Dungeon (15/15)            Temple (1/1) D:5            Lair (6/6) D:9
  Swamp (4/4) Lair:4        Snake (4/4) Lair:3        Slime (0/5) Lair:5
    Orc (2/2) D:10            Elf (3/3) Orc:2        Vaults (0/5) D:13
 Depths (0/5) D:15         Bailey (visited)           IceCv (visited)
Volcano (visited)

Altars:
Ashenzari
Cheibriados
Dithmenos
Elyvilon
Fedhas
Gozag
Hepliaklqana
Kikubaaqudgha
Makhleb
Nemelex Xobeh
Okawaru
Qazlal
Ru
Sif Muna
Trog
Uskayaw
Vehumet
Wu Jian
Xom
Yredelemnul
Zin
The Shining One
Jiyva

Shops:
D:3 *   D:10 *   D:13 :([*[   Orc:2 *[[*   Elf:2 :   Snake:2 ([

Portals:
Trove: D:13 (give 16 potions of curing)

Annotations:
Lair:2 Casa
Swamp:4 Lernaean hydra
Elf:2 5 runed translucent doors


Innate Abilities, Weirdness & Mutations

You reflexively headbutt those who attack you in melee.
You have a pair of horns on your head.


Message History

The 27-headed Lernaean hydra bites you.
* * * LOW HITPOINT WARNING * * *
You block the 27-headed Lernaean hydra's attack.
The 27-headed Lernaean hydra bites you but does no damage.
You block the 27-headed Lernaean hydra's attack.
The 27-headed Lernaean hydra completely misses you.
The 27-headed Lernaean hydra bites you!
* * * LOW HITPOINT WARNING * * *
The 27-headed Lernaean hydra bites you!
* * * LOW HITPOINT WARNING * * *
The 27-headed Lernaean hydra bites you.
* * * LOW HITPOINT WARNING * * *
The 27-headed Lernaean hydra bites you but does no damage.
You block the 27-headed Lernaean hydra's attack.
The 27-headed Lernaean hydra misses you.
The 27-headed Lernaean hydra bites you but does no damage.
The 27-headed Lernaean hydra bites you.
* * * LOW HITPOINT WARNING * * *
The 27-headed Lernaean hydra bites you!
You die...

♣Z○D♣♣♣≈≈♣# # ♣♣
♣♣♣○°♣♣♣♣D♣#
♣♣≈♣♣≈.°♣♣ ♣.k#
♣≈≈≈♣.≈D.♣♣♣D♣
≈≈≈≈.≈≈≈≈≈≈≈.♣#
≈≈....≈≈≈≈k≈≈.#
≈§.≈≈.≈≈Zk○○.≈♣≈#
♣♣.≈.≈§Dxk○○.≈≈≈#
♣≈≈≈.≈≈D@k○D..≈≈
♣♣♣≈≈....○○≈.≈≈≈≈#
♣≈≈..♣○○○≈≈≈.≈.≈.
♣.§...♣♣≈...≈.≈≈≈♣
♣§≈≈≈♣♣♣♣♣♣≈.≈≈≈..
♣.≈≈≈ ♣.≈≈≈.♣
♣♣..♣ ♣...♣♣ ♣♣♣
♣♣♣


You could see the 27-headed Lernaean hydra, a bunyip, 2 seven-headed hydras, 3
swamp dragons, a spectral anaconda (summoned) and 5 swamp drakes.

Vanquished Creatures
  Vashnia (Snake:4)
  Jorgrun (D:12)
  Rupert (Orc:2)
  Frances (Swamp:1)
  A tengu reaver (D:13)
  Kirke (Swamp:1)
  9 nagarajas
  Aizul (Snake:2)
  A frost giant (IceCv)
  A juggernaut zombie (D:15)
  A stone giant (Orc:1)
  Nessos (D:12)
  A deep elf annihilator (Elf:1)
  Snorg (D:12)
  3 bunyips
  A deep elf death mage (Elf:1)
  6 eleionomae
  A great orb of eyes (D:13)
  Fannar (D:10)
  2 vault guards (D:13)
  9 hydras
  17 naga warriors
  Harold (D:9)
  2 centaur warriors
  2 ghost crabs
  3 boulder beetles (D:15)
  24 anacondas
  A death knight (D:15)
  3 ogre magi (D:15)
  15 two-headed ogres
  3 death yaks (Lair:6)
  A catoblepas (D:15)
  11 dancing weapons
  11 alligators
  3 orc high priests (Orc:2)
  3 tengu warriors
  20 naga sharpshooters
  5 spriggans
  6 deep elf knights
  3 goliath frogs
  12 shock serpents
  Sonja (Orc:2)
  A spark wasp zombie (D:15)
  8 salamander mystics
  2 unseen horrors
  4 skeletal warriors
  5 bog bodies
  8 spriggan druids
  5 deep elf archers
  13 naga ritualists
  4 swamp dragons
  A phantasmal warrior (D:15)
  9 orc knights
  6 lindwurms
  Pikel (D:9)
  3 necromancers
  27 deep elf magi
  17 mana vipers
  2 anaconda skeletons (Volcano)
  3 large abominations (Elf:1)
  3 orc sorcerers (Orc:2)
  3 ugly things
  A wolf spider (D:13)
  2 cyclopes
  2 will-o-the-wisps
  Joseph (D:10)
  6 guardian serpents
  17 salamanders
  48 black mambas
  Maurice (D:10)
  2 centaur zombies (D:15)
  4 manticores
  23 elephants
  An ice statue (IceCv)
  29 cane toads
  31 naga magi
  7 gargoyles
  5 centaur skeletons
  6 torpor snails
  8 rime drakes
  10 komodo dragons
  A tengu conjurer (D:15)
  A kobold demonologist (D:11)
  2 ice devils (D:11)
  A freezing wraith (D:15)
  A guardian mummy (D:15)
  15 polar bears
  2 queen bees
  8 trolls
  A bloated husk (Swamp:1)
  4 meliai
  10 tyrant leeches
  A wind drake (shapeshifter) (D:14)
  5 hornets
  3 harpy skeletons (Volcano)
  6 slime creatures (D:15)
  A deep troll zombie (D:15)
  27 blink frogs
  A deep troll skeleton (D:15)
  3 flying skulls (Volcano)
  Sigmund (D:2)
  A centaur simulacrum (D:14)
  A water elemental (Elf:1)
  A tarantella (shapeshifter) (D:13)
  Eustachio (D:5)
  2 air elementals
  2 vampires
  5 wraiths
  A shadow (D:15)
  6 basilisks
  2 fire elementals
  9 wyverns
  3 hogs (Swamp:1)
  57 yaks
  2 alligator skeletons (Volcano)
  A hog (shapeshifter) (D:13)
  Menkaure (D:4)
  9 vampire mosquitoes
  44 nagas
  A soldier ant (D:11)
  11 swamp worms
  An acid dragon (D:15)
  Edmund (D:4)
  8 wargs
  Duvessa (D:4)
  21 water moccasins
  An eye of draining (D:13)
  3 phantoms
  38 orc warriors
  3 swamp drakes
  3 ice beasts
  3 black bears
  7 sky beasts
  A necrophage (D:10)
  13 ogres
  20 wolves
  5 centaurs
  2 elf zombies (Elf:1)
  4 big kobolds
  27 bullfrogs
  A gnoll sergeant (D:4)
  An earth elemental (Elf:1)
  Dowan (D:4)
  2 wyvern skeletons
  A scorpion (D:6)
  51 killer bees
  5 wights
  A spriggan skeleton (Volcano)
  A troll skeleton (Volcano)
  6 electric eels
  8 howler monkeys
  3 jellies
  2 quasits
  4 hounds
  17 orc priests
  29 orc wizards
  3 bullfrog skeletons
  2 bullfrog zombies
  Jessica (D:6)
  4 iguanas
  Terence (D:2)
  A hell rat (Lair:3)
  17 worker ants
  2 naga skeletons (Volcano)
  2 hound skeletons
  16 gnolls
  A howler monkey skeleton (D:9)
  19 adders
  4 river rats (Lair:3)
  6 shadow imps
  A white imp (D:5)
  3 ufetubi
  An ooze (D:4)
  3 adder skeletons
  5 worms
  2 dart slugs
  11 leopard geckos
  86 orcs
  9 giant cockroaches
  12 goblins
  6 hobgoblins
  5 jackals
  33 kobolds
  3 ball pythons
  7 bats
  6 frilled lizards
  10 rats
1352 creatures vanquished.

Vanquished Creatures (others)
  2 hydras (Swamp:4)
  A spriggan druid (Swamp:3)
  A deep elf archer (Elf:1)
  A deep elf mage (Elf:1)
  2 bloated husks (Swamp:2)
  A human (Swamp:1)
  A swamp worm (Swamp:3)
  An orc wizard (Orc:2)
  An orc priest (Orc:2)
  2 orcs (Orc:2)
  36 fungi
  86 plants
135 creatures vanquished.

Grand Total: 1487 creatures vanquished

Notes
Turn   | Place    | Note
-------+----------+-------------------------------------------
     0 | D:1      | Peloso the Minotaur Fighter began the quest for the Orb.
     0 | D:1      | Reached XP level 1. HP: 19/19 MP: 0/0
   130 | D:1      | Reached XP level 2. HP: 25/27 MP: 1/1
   482 | D:1      | Reached skill level 4 in Shields
   657 | D:1      | Reached XP level 3. HP: 32/33 MP: 2/2
   906 | D:2      | Noticed Terence
   915 | D:2      | Killed Terence
  1020 | D:2      | Noticed Sigmund
  1074 | D:2      | Reached XP level 4. HP: 38/40 MP: 3/3
  1403 | D:2      | Killed Sigmund
  1403 | D:2      | Reached skill level 1 in Dodging
  1403 | D:2      | Reached skill level 5 in Shields
  1403 | D:2      | Reached XP level 5. HP: 34/47 MP: 4/4
  1403 | D:2      | Reached XP level 6. HP: 39/53 MP: 5/5
  1625 | D:2      | Reached skill level 5 in Long Blades
  1944 | D:2      | Found a stormy altar of Qazlal.
  2239 | D:3      | Found an opulent altar of Gozag.
  2592 | D:3      | Found Gozag's Platinum Reserve.
  2811 | D:3      | Found a shadowy altar of Dithmenos.
  2939 | D:4      | Noticed Edmund
  2967 | D:4      | Killed Edmund
  2967 | D:4      | Reached skill level 6 in Shields
  2967 | D:4      | Reached XP level 7. HP: 37/60 MP: 6/6
  3127 | D:4      | Reached skill level 5 in Armour
  3277 | D:4      | Noticed Duvessa
  3277 | D:4      | Noticed Dowan
  3279 | D:4      | Reached skill level 5 in Fighting
  3298 | D:4      | Killed Duvessa
  3332 | D:4      | Killed Dowan
  3403 | D:4      | Noticed Menkaure
  3417 | D:4      | Killed Menkaure
  3417 | D:4      | Reached XP level 8. HP: 37/68 MP: 7/7
  4127 | D:5      | Entered Level 5 of the Dungeon
  4142 | D:5      | Reached skill level 7 in Shields
  4265 | D:5      | Noticed Eustachio
  4278 | D:5      | Killed Eustachio
  4286 | D:5      | Found a staircase to the Ecumenical Temple.
  4311 | D:5      | Reached skill level 8 in Shields
  4361 | Temple   | Entered the Ecumenical Temple
  4519 | Temple   | Became a worshipper of Warmaster Okawaru
  4665 | D:5      | Found a broken altar of Ashenzari.
  5050 | D:6      | Noticed Jessica
  5058 | D:6      | Killed Jessica
  5065 | D:6      | Found a shimmering blue altar of Sif Muna.
  5125 | D:6      | Reached * piety under Okawaru
  5141 | D:6      | Reached XP level 9. HP: 75/75 MP: 8/8
  5186 | D:6      | Reached skill level 9 in Shields
  5300 | D:6      | Found a snail-covered altar of Cheibriados.
  5425 | D:6      | Found a radiant altar of Vehumet.
  6078 | D:7      | Found a sacrificial altar of Ru.
  6251 | D:7      | Found an iron altar of Okawaru.
  6373 | D:8      | Found a shimmering altar of Xom.
  6373 | D:8      | Found a shimmering altar of Xom.
  6374 | D:8      | Found a shimmering altar of Xom.
  6382 | D:8      | Found a shimmering altar of Xom.
  6404 | D:8      | Got an ichor-stained ring mail
  6415 | D:8      | Identified the +0 ring mail of the Slightly Bent {Int+2}
                  | (You found it on level 8 of the Dungeon)
  6447 | D:8      | Reached skill level 10 in Shields
  6521 | D:8      | Found a shimmering altar of Xom.
  6896 | D:9      | Reached ** piety under Okawaru
  6950 | D:9      | Reached skill level 10 in Long Blades
  7122 | D:9      | Reached XP level 10. HP: 79/84 MP: 9/9
  7257 | D:9      | Noticed a two-headed ogre
  7262 | D:9      | Killed a two-headed ogre
  7262 | D:9      | Reached *** piety under Okawaru
  7263 | D:9      | Found an ornate altar of the Wu Jian Council.
  7340 | D:9      | Noticed Pikel
  7341 | D:9      | Reached skill level 11 in Shields
  7405 | D:9      | Killed Pikel
  7405 | D:9      | Reached **** piety under Okawaru
  7643 | D:9      | Noticed Harold
  7662 | D:9      | Killed Harold
  7740 | D:9      | Found an ancient bone altar of Kikubaaqudgha.
  7784 | D:9      | Found a staircase to the Lair.
  7902 | D:10     | Entered Level 10 of the Dungeon
  7903 | D:10     | Found a shadowy altar of Dithmenos.
  7931 | D:10     | Noticed Joseph
  7950 | D:10     | Killed Joseph
  8014 | D:10     | Found Tussuoleu's Assorted Antiques.
  8017 | D:10     | Bought a brown potion for 18 gold pieces
  8017 | D:10     | Bought a viscous puce potion for 18 gold pieces
  8017 | D:10     | Bought a bubbling green potion for 18 gold pieces
  8038 | D:10     | Noticed Maurice
  8052 | D:10     | Killed Maurice
  8052 | D:10     | Noticed a brown ugly thing
  8063 | D:10     | Killed a brown ugly thing
  8063 | D:10     | Reached XP level 11. HP: 91/92 MP: 8/10
  8072 | D:10     | Found a flagged portal.
  8090 | Bailey   | Entered a bailey
  8349 | Bailey   | Noticed an orc knight
  8349 | Bailey   | Noticed an orc knight
  8500 | Bailey   | Noticed an orc knight
  8512 | Bailey   | HP: 4/92 [orc knight/+0 glaive (19)]
  8513 | Bailey   | Killed an orc knight
  8890 | Bailey   | Killed an orc knight
  8890 | Bailey   | Reached skill level 12 in Shields
  8890 | Bailey   | Reached skill level 10 in Armour
  8892 | Bailey   | Killed an orc knight
  8892 | Bailey   | Reached ***** piety under Okawaru
  8892 | Bailey   | Reached skill level 1 in Evocations
  9157 | D:10     | Noticed a sea snake
  9244 | D:10     | Noticed Fannar
  9256 | D:10     | Killed Fannar
  9256 | D:10     | Reached skill level 1 in Stealth
  9293 | D:10     | Received a gift from Okawaru
  9332 | D:10     | Found a staircase to the Orcish Mines.
  9917 | D:11     | Noticed a red ugly thing
  9933 | D:11     | Reached skill level 1 in Invocations
  9983 | D:11     | Found a frozen archway.
 10024 | IceCv    | Entered an ice cave
 10161 | IceCv    | Reached skill level 13 in Shields
 10229 | IceCv    | Received a gift from Okawaru
 10238 | IceCv    | Identified a +1 pair of boots of running (Okawaru gifted it
                  | to you in an ice cave)
 10554 | IceCv    | Reached XP level 12. HP: 98/103 MP: 10/12
 10718 | IceCv    | Noticed a frost giant
 10748 | IceCv    | Killed a frost giant
 11291 | D:11     | HP: 4/105 [soul eater[a kobold demonologist] (2)]
 12006 | D:12     | Reached skill level 14 in Shields
 12062 | D:12     | Noticed Nessos
 12066 | D:12     | Found a burning altar of Makhleb.
 12067 | D:12     | Noticed Jorgrun
 12069 | D:12     | Noticed Snorg
 12492 | Lair:1   | Entered Level 1 of the Lair of Beasts
 12501 | Lair:1   | Found a dark tunnel.
 12509 | Volcano  | Entered a volcano
 12609 | Volcano  | Reached skill level 10 in Fighting
 12678 | Volcano  | Received a gift from Okawaru
 12694 | Volcano  | Got a buzzing hat {god gift}
 12700 | Volcano  | Identified the +1 hat "Icles" {*Drain rElec Str+3} (Okawaru
                  | gifted it to you in a volcano)
 13091 | Volcano  | Got a masterwork hat
 13102 | Volcano  | Identified the +0 hat of Dice, Bag, and Bottle {+Blink
                  | rElec Dex-2} (You found it in a volcano)
 13258 | Lair:1   | Reached XP level 13. HP: 114/114 MP: 13/13
 13457 | Lair:1   | Reached skill level 15 in Shields
 13902 | Lair:1   | Found a snail-covered altar of Cheibriados.
 15123 | Lair:2   | Received a gift from Okawaru
 15204 | Orc:1    | Entered Level 1 of the Orcish Mines
 15430 | Orc:1    | Noticed a stone giant
 15448 | Orc:1    | Killed a stone giant
 15632 | Orc:1    | Received a gift from Okawaru
 15638 | Orc:1    | Got a transparent hand crossbow {god gift}
 15642 | Orc:1    | Identified the +6 hand crossbow "Conservator" {freeze,
                  | Dex+2} (Okawaru gifted it to you on level 1 of the Orcish
                  | Mines)
 15832 | Orc:2    | Entered Level 2 of the Orcish Mines
 15934 | Orc:2    | Noticed Sonja
 15943 | Orc:2    | Killed Sonja
 16201 | Orc:2    | Noticed Rupert
 16374 | Orc:2    | Killed Rupert
 16537 | Orc:2    | Reached skill level 16 in Shields
 16795 | Orc:2    | Found a staircase to the Elven Halls.
 16950 | Orc:2    | Reached XP level 14. HP: 78/126 MP: 13/15
 17216 | Orc:2    | Found Wustelap's Assorted Antiques.
 17216 | Orc:2    | Found Qaucwaos's Assorted Antiques.
 17218 | Orc:2    | Found Weiplat's Antique Armour Shoppe.
 17218 | Orc:2    | Found Uttotar's Armour Boutique.
 17248 | Orc:2    | Bought a scroll of magic mapping for 129 gold pieces
 17256 | Orc:2    | Bought a scroll labeled LIYTABLA MUIMEXT for 26 gold pieces
 17259 | Orc:2    | Bought a double sword for 390 gold pieces
 17520 | D:12     | Killed Jorgrun
 17520 | D:12     | Received a gift from Okawaru
 17584 | D:12     | Killed Snorg
 17691 | D:12     | Found a blossoming altar of Fedhas.
 17775 | D:12     | Reached skill level 15 in Long Blades
 17858 | D:12     | Killed Nessos
 18669 | D:13     | Found a gate to the Vaults.
 18883 | D:13     | Got a bound brass amulet
 18894 | D:13     | Identified the amulet of Caepoaha {Faith Str+9} (You found
                  | it on level 13 of the Dungeon)
 18925 | D:13     | Noticed a tengu reaver
 18986 | D:13     | Reached skill level 17 in Shields
 19554 | D:13     | Found Vidghu's Weapon Boutique.
 19557 | D:13     | Received a gift from Okawaru
 19584 | D:13     | Found Hieruxed's Antique Armour Shoppe.
 19590 | D:13     | Found Korot's General Store.
 19594 | D:13     | Found Pudgh's Armour Shop.
 19701 | D:13     | Found Gocviel's Book Shop.
 19735 | D:13     | Found a portal to a secret trove of treasure.
 19916 | Lair:3   | Reached ****** piety under Okawaru
 20191 | Lair:3   | Found a staircase to the Snake Pit.
 21520 | Lair:3   | Received a gift from Okawaru
 22059 | Lair:4   | Reached XP level 15. HP: 133/136 MP: 16/16
 22564 | Lair:4   | Found a staircase to the Swamp.
 22739 | Lair:5   | Found a viscous altar of Jiyva.
 22741 | Lair:5   | Found a staircase to the Slime Pits.
 22869 | Lair:5   | Received a gift from Okawaru
 22872 | Lair:5   | Got a distressingly furry ring mail {god gift}
 22883 | Lair:5   | Identified the +8 ring mail of the Sea {rF- Regen+ Dex+6}
                  | (Okawaru gifted it to you on level 5 of the Lair of Beasts)
 23763 | Lair:6   | Entered Level 6 of the Lair of Beasts
 23848 | Lair:5   | Reached skill level 18 in Shields
 24609 | Lair:6   | Received a gift from Okawaru
 25410 | Lair:6   | Received a gift from Okawaru
 26465 | D:14     | Reached XP level 16. HP: 132/147 MP: 17/17
 27292 | D:15     | Entered Level 15 of the Dungeon
 27504 | D:15     | Reached skill level 19 in Shields
 27730 | D:15     | Found a staircase to the Depths.
 27765 | D:15     | Reached skill level 15 in Fighting
 28144 | D:15     | Reached skill level 15 in Armour
 28380 | D:15     | Received a gift from Okawaru
 29736 | D:13     | Killed a tengu reaver
 29899 | D:10     | Bought a scroll of identify for 40 gold pieces
 29904 | D:10     | Reached skill level 1 in Crossbows
 29904 | D:10     | Reached skill level 1 in Throwing
 29904 | D:10     | Reached skill level 1 in Unarmed Combat
 29904 | D:10     | Reached XP level 17. HP: 150/156 MP: 18/18
 30026 | Swamp:1  | Entered Level 1 of the Swamp
 30050 | Swamp:1  | Received a gift from Okawaru
 30190 | Swamp:1  | Noticed Kirke
 30937 | Snake:1  | Entered Level 1 of the Snake Pit
 31015 | Snake:1  | Reached skill level 20 in Shields
 32051 | Snake:1  | Reached XP level 18. HP: 156/166 MP: 11/19
 32267 | Snake:1  | Got a masterwork cloak
 32278 | Snake:1  | Identified the +1 cloak "Igos" {+Fly Dex+3} (You found it
                  | on level 1 of the Snake Pit)
 33063 | Snake:1  | Received a gift from Okawaru
 33070 | Snake:1  | Got a pair of ichor-stained gloves {god gift}
 33084 | Snake:1  | Identified the +1 pair of gloves of the Invisible Tusks
                  | {Stlth+} (Okawaru gifted it to you on level 1 of the Snake
                  | Pit)
 35046 | Snake:2  | Found a stormy altar of Qazlal.
 35119 | Snake:2  | Reached skill level 5 in Dodging
 35355 | Snake:2  | Noticed Aizul
 35372 | Snake:2  | Killed Aizul
 35538 | Snake:2  | Received a gift from Okawaru
 35538 | Snake:2  | Reached skill level 21 in Shields
 35744 | Snake:2  | Found Efeq's Armour Boutique.
 35744 | Snake:2  | Found Faghiuh's Antique Weapon Shop.
 35959 | Snake:2  | Bought a fine short sword for 280 gold pieces
 35961 | Snake:2  | Identified the cursed +1 short sword of Dishonour {vorpal,
                  | +Blink rF+} (You bought it in a shop on level 2 of the
                  | Snake Pit)
 36485 | Elf:1    | Entered Level 1 of the Elven Halls
 36788 | Elf:1    | Found an ancient bone altar of Kikubaaqudgha.
 37244 | Elf:1    | Identified Puosikha's Volume of Darkness
 37892 | Elf:1    | Identified Sif Muna's Volume of Vitriolic Flight
 38403 | Elf:2    | Received a gift from Okawaru
 38477 | Elf:2    | Found Weghidoq's Book Boutique.
 38584 | Elf:2    | Found an ancient bone altar of Kikubaaqudgha.
 38776 | Elf:2    | Found a huge runed translucent gate.
 38776 | Elf:2    | Found a huge runed translucent gate.
 38776 | Elf:2    | Found a huge runed translucent gate.
 38776 | Elf:2    | Found a huge runed translucent gate.
 38776 | Elf:2    | Found a huge runed translucent gate.
 39139 | Elf:3    | Entered Level 3 of the Elven Halls
 40019 | Swamp:1  | Killed Kirke
 40021 | Swamp:1  | Reached XP level 19. HP: 138/177 MP: 20/20
 40472 | Swamp:1  | Noticed Frances
 40486 | Swamp:1  | Killed Frances
 41382 | Swamp:1  | Upgraded the game from 0.26-a0-774-g1415c89e12 to
                  | 0.26-a0-784-g51bffae0b1
 41687 | Swamp:2  | Received a gift from Okawaru
 42033 | Swamp:2  | Got an ancient battleaxe
 42242 | Swamp:3  | Reached skill level 22 in Shields
 43691 | Snake:3  | Identified a scroll of acquirement
 43712 | Snake:4  | Entered Level 4 of the Snake Pit
 45016 | Snake:4  | Noticed Vashnia
 45066 | Snake:4  | Killed Vashnia
 45215 | Snake:3  | Received a gift from Okawaru
 45548 | Snake:4  | Found an opulent altar of Gozag.
 46081 | Snake:4  | Identified the +11 battleaxe of Maziev {spect, MR++ Dex+4}
                  | (You found it on level 2 of the Swamp)
 47635 | Snake:4  | Reached XP level 20. HP: 166/187 MP: 21/21
 47758 | Snake:4  | Reached skill level 5 in Stealth
 47758 | Snake:4  | Reached skill level 23 in Shields
 47792 | Snake:4  | HP: 9/188 [poisoned by a naga ritualist (toxic radiance)]
 47798 | Snake:4  | HP: 9/188 [poisoned by a naga ritualist (toxic radiance)]
 48310 | Snake:4  | Received a gift from Okawaru
 49387 | Snake:4  | Got a serpentine rune of Zot
 49835 | Swamp:4  | Entered Level 4 of the Swamp
 50241 | Swamp:4  | Noticed the 27-headed Lernaean hydra
 50244 | Swamp:4  | HP: 6/189 [the 27-headed Lernaean hydra (5)]
 50244 | Swamp:4  | Slain by the 27-headed Lernaean hydra

Illustrated notes

Levels and vault maps discovered:
D:1:      dpeg_arrival_brainrot, layout_basic, kennysheep_small_spiral,
          nrook_mini_vaults
D:2:      layout_loops_ring, nicolae_overflow_hidden_temple, uniq_sigmund,
          uniq_terence
D:3:      layout_basic, lemuel_coloured_pillars_altar,
          nicolae_gozag_zags_fifth_avenue, small_statue_intersection
D:4:      layout_layer_cave, minmay_misc_feat_hallway, uniq_edmund,
          uniq_duvessa, uniq_menkaure
D:5:      layout_gridville, old_standard_altar, minmay_temple_entry_ruins,
          uniq_eustachio
D:6:      layout_basic, tgw_sif, overflow_temple_1_default,
          kennysheep_slug_shrine
D:7:      layout_cave_pools, nicolae_ru_the_path_less_chosen,
          kennysheep_okawaru_gauntlet
D:8:      layout_cave_pools, xom_redecorated
D:9:      layout_basic, marbit_many_paths, lemuel_doored_altar,
          erik_lair_orcish_takeover, uniq_pikel, uniq_harold
D:10:     layout_rooms, erik_orc_3, enter_bailey_6, serial_aquarium,
          aquarium_bridge_square [aquarium_subvault_bridge,
          aquarium_subvault_wall, aquarium_subvault_window,
          aquarium_subvault_bridge], aquarium_window_2, aquarium_window_1,
          aquarium_window_corner, aquarium_window_1, aquarium_view_2f,
          aquarium_view_2g, aquarium_pool_five, serial_shops,
          nicolae_shop_behind_doors, grunt_dithmenos_smoke_and_mirrors,
          uniq_joseph, uniq_fannar, uniq_maurice
D:11:     layout_rooms, portal_ice_cave_demonic_guard
D:12:     layout_roguey, basic_altar, minivault_22,
          fedhas_bush_and_centaur_altar, uniq_snorg, uniq_jorgrun, uniq_nessos
D:13:     kennysheep_green_arena, layout_cross, david_vaults_5, enter_trove_5,
          serial_shops, kennysheep_mini_moat, shop,
          nicolae_shop_competitors_out_of_business, nicolae_shop_behind_doors,
          kennysheep_mini, hangedman_decor_slide_cut
D:14:     layout_long_grid, chequers_serial_rivers_marsh
D:15:     gammafunk_depths_entry_grave, layout_gridville,
          minmay_misc_feat_encased
Temple:   hc_temple_tempest_star
Lair:1:   layout_regular_city, nicolae_volcano_entry_lava_flow,
          kennysheep_snail_temple, lemuel_fruit_tree
Lair:2:   layout_gridlike
Lair:3:   regret_index_combs_of_tragedy, layout_concentric_octagons,
          dummy_snake_entry, pond
Lair:4:   layout_cave_pods, nicolae_swamp_entry_splash_gauntlet,
          lemuel_fruit_fields
Lair:5:   layout_roguey, slime_altar_1, special_room [special_room_bee],
          st_stairs_13
Lair:6:   minmay_lair_end_frog_pond, layout_layer_cave
Swamp:1:  layout_basic_swamp, hangedman_swamp_lotus, uniq_frances, uniq_kirke
Swamp:2:  layout_basic_swamp, nicolae_swamp_fairy_circle
Swamp:3:  layout_falls_marsh, serial_swamp_ruin, hangedman_swamp_ruin_wall,
          evilmike_swamp_ruin_house_5, hangedman_swamp_blocks
Swamp:4:  swamp, layout_basic_swamp, ebering_ghost_inner_flame,
          infiniplex_staircase_pool_2
Snake:1:  minmay_snake_river, layout_basic, serial_bayou_shore_b,
          grunt_megastairs_5, serial_bayou_shore_b
Snake:2:  layout_honeycomb, basic_altar, minmay_snake_pond, minmay_shoptagon,
          grunt_megastairs_4, uniq_aizul
Snake:3:  layout_gridlike, st_stairs_9, nicolae_large_snake_swirl
Snake:4:  snake_pit_salamanders_mu, layout_rooms, basic_altar, drop_trap,
          serial_bayou_shore_b, uniq_vashnia
Orc:1:    layout_diamond_mine
Orc:2:    grunt_orc_tribal_feast, layout_caves, mines2_lemuel, uniq_rupert,
          uniq_sonja
Elf:1:    layout_geoelf_octagon, basic_altar, minmay_elf_necromancy,
          library_closet, minivault_26
Elf:2:    layout_geoelf_diagonals, serial_shops, nicolae_shop_waterfront,
          basic_altar, minivault_24
Elf:3:    minmay_elf_hall_spiked, layout_geoelf_octagon

Skill      XL: |  1  2  3  4  5  6  7  8  9 10 11 12 13 14 15 16 17 18 19 20 |
---------------+-------------------------------------------------------------+-----
Fighting       | 4 5 6 7 8 10 12 13 14 15 17 18 | 18.5
Shields        | 4 5 6 8 10 11 13 14 16 17 18 19 20 21 22 23 | 23.4
Armour         | 4 5 6 8 9 10 11 12 13 14 15 16 | 16.4
Long Blades    | 3 4 5 7 8 10 12 13 14 16 17 18 19 20 | 20.0
Dodging        | 1 2 3 4 6 7 8 |  8.5
Evocations     | 1 2 3 |  3.5
Stealth        | 2 3 4 5 |  5.1
Invocations    | 1 2 3 4 |  4.0
Crossbows      | 1 |  1.2
Throwing       | 1 |  1.0
Unarmed Combat | 1 |  1.2
Spellcasting   | |  0.5

Action                   |  1- 3 |  4- 6 |  7- 9 | 10-12 | 13-15 | 16-18 | 19-21 || total
-------------------------+-------+-------+-------+-------+-------+-------+-------++-------
Melee: Long sword        |    81 |   145 |   466 |   195 |       |       |       ||   887
       Headbutt          |    13 |    22 |   110 |   213 |   452 |   303 |   274 ||  1387
       Falchion          |       |       |       |   576 |   606 |       |       ||  1182
       Double sword      |       |       |       |       |   862 |   196 |       ||  1058
       Demon blade       |       |       |       |       |       |   717 |   752 ||  1469
Invok: Heroism           |       |       |     2 |    21 |    16 |     9 |     3 ||    51
Evoke: Wand              |       |       |     2 |    18 |    24 |     9 |       ||    53
  Use: Potion            |     1 |     1 |     4 |     6 |     3 |     3 |     1 ||    19
       Scroll            |     5 |     1 |     2 |    24 |     7 |    11 |    10 ||    60
 Stab: Paralysed         |       |       |       |     8 |     3 |       |       ||    11
       Sleeping          |       |       |       |       |       |     2 |     4 ||     6
       Distracted        |       |       |       |       |       |       |     1 ||     1
Armor: Scale mail        |    44 |    45 |       |       |       |       |       ||    89
       Plate armour      |       |       |   309 |    65 |       |       |       ||   374
       Crystal plate arm |       |       |       |   326 |   770 |   193 |    55 ||  1344
       Swamp dragon scal |       |       |       |       |       |    97 |   124 ||   221
Dodge: Dodged            |    20 |    23 |   139 |   135 |   340 |   250 |   281 ||  1188
Block: Kite shield       |    41 |    89 |   375 |   531 |  1136 |   732 |   626 ||  3530
       Rpst.: Long sword |     6 |     5 |    45 |     7 |       |       |       ||    63
       Falchion          |       |       |       |    14 |    17 |       |       ||    31
       Double sword      |       |       |       |       |    63 |     9 |       ||    72
       Demon blade       |       |       |       |       |       |    44 |    37 ||    81

Table legend: (Time is in decaauts)
 A = Elapsed time spent in this place.
 B = Non-inter-level travel time spent in this place.
 C = Inter-level travel time spent in this place.
 D = Time resting spent in this place.
 E = Time spent auto-exploring this place.
 F = Levels seen in this place.
 G = Mean time per level.
                   A        B        C        D        E       F      G
               +--------+--------+--------+--------+--------+-----+--------+
         Total |  47423 |  44730 |   2693 |   9721 |  22736 |  38 | 1248.0 |
       Dungeon |  16117 |  15089 |   1028 |   2278 |   8702 |  15 | 1074.5 |
        Temple |    185 |    185 |      0 |      0 |    150 |   1 |  185.0 |
          Lair |   9222 |   8307 |    915 |   1624 |   4420 |   6 | 1537.0 |
         Swamp |   3802 |   3664 |    138 |    570 |   2448 |   4 |  950.5 |
     Snake Pit |  10937 |  10549 |    388 |   4422 |   3764 |   4 | 2734.2 |
  Orcish Mines |   2128 |   1943 |    185 |    298 |    985 |   2 | 1064.0 |
   Elven Halls |   2518 |   2482 |     36 |    255 |   1673 |   3 |  839.3 |
        Bailey |   1037 |   1037 |      0 |    249 |     49 |   1 | 1037.0 |
      Ice Cave |    875 |    875 |      0 |     24 |    341 |   1 |  875.0 |
       Volcano |    598 |    598 |      0 |      0 |    202 |   1 |  598.0 |
               +--------+--------+--------+--------+--------+-----+--------+

Top non-repeatable levels by time:
 Snake:1: 3316 daAuts
 Snake:4: 2927 daAuts
 Snake:3: 2841 daAuts
    D:15: 2217 daAuts
 Snake:2: 1853 daAuts
    D:13: 1822 daAuts
   Elf:1: 1817 daAuts
  Lair:5: 1754 daAuts
  Lair:6: 1633 daAuts
  Lair:4: 1627 daAuts
  Lair:3: 1598 daAuts
    D:10: 1494 daAuts
 Swamp:1: 1456 daAuts
  Lair:2: 1405 daAuts
   Orc:2: 1325 daAuts
